Map: Dusk Towers

Players

EZHumidor

  • Race: Zerg Zerg
  • League: Diamond

MorN - Winner!

  • Race: Terran Terran
  • League: Master

VOD

Have the link to the VOD?

Description

Time

  • Played on: Nov. 21, 2015, 8:40 p.m.
  • Length: 3:37
Show
View Real Time Build Order
Export as new Build Order

EZHumidor Zerg 

Build Orders: Pool First 

Get SALT Encoding   

  12  0:01  Drone  
  13  0:22  Spawning Pool  
  13  0:25  Extractor  
  13  0:27  Drone  
  12  0:33  Drone  
  13  0:37  Drone  
  14  0:48  Overlord  
  14  1:12  Baneling Nest, Zergling x6  
  16  1:24  Zergling x2  
  17  1:36  Zergling x2  
  17  1:37  Queen  
  20  1:46  Zergling x2  
  21  1:56  Zergling x2  
  21  2:00  Metabolic Boost  
  21  2:41  Hatchery  
  20  3:01  Baneling x5  
  20  3:02  Zergling x4  
  22  3:06  Overlord  
Show
View Real Time Build Order
Export as new Build Order

MorN Terran - Winner!

Build Orders: Reaper Expand 

Get SALT Encoding   

  12  0:00  SCV  
  13  0:13  SCV  
  14  0:17  Supply Depot  
  14  0:26  SCV  
  15  0:39  SCV  
  15  0:41  Barracks  
  16  0:48  Refinery  
  16  0:51  SCV  
  17  1:03  SCV  
  18  1:15  SCV  
  19  1:29  Orbital Command  
  19  1:31  Reaper  
  20  1:42  Command Center  
  20  1:51  Supply Depot  
  20  1:55  SCV  
  21  2:04  Reaper  
  22  2:18  SCV  
  23  2:26  Factory  
  23  2:35  SCV  
  23  2:37  Command Center  
  24  2:48  Barracks Reactor  
  24  2:49  SCV  
  25  2:55  Orbital Command  
  25  3:01  SCV  
  26  3:06  Bunker  
  26  3:11  Refinery  
  26  3:13  SCV  
Tags
 
Add a new tag
Caveats
  • Supply blocks, unpowered buildings, or Contaminate may cause inaccurate times.
  • Supply counts are checked every 10 seconds.